 Seeded DCSS version 0.29.1-15-g9cfb28693d (webtiles) character file.

Game seed: 1 (custom seed)

1091 Kazon the Slasher (level 8, -1/56 HPs)
             Began as an Octopode Transmuter on Mar 23, 2023.
             Slain by a sky beast (5 damage)
             ... on level 5 of the Dungeon.
             The game lasted 00:20:53 (3781 turns).

Kazon the Slasher (Octopode Transmuter)             Turns: 3781, Time: 00:20:55

Health: -1/56      AC:  1    Str: 11    XL:     8   Next: 31%
Magic:  10/12      EV: 14    Int: 16    God:
Gold:   336        SH:  5    Dex: 12    Spells: 6/12 levels left

rFire   . . .      SeeInvis .   v - +3 demon blade (drain)
rCold   . . .      Faith    .   c - +0 buckler
rNeg    + . .      Spirit   .   (helmet restricted)
rPois   .          Reflect  .   d - amulet of the acrobat
rElec   .          Harm     .   o - ring of positive energy
rCorr   .          Rampage  .   (no ring)
Will    .....                   (no ring)
Stlth   +++.......              (no ring)
HPRegen 0.18/turn               (no ring)
MPRegen 0.13/turn               (no ring)
                                (no ring)
                                (no ring)

@: wereblooded
A: almost no armour, amphibious, 8 rings, camouflage 1, gelatinous body 1,
(nimble swimmer 1), tentacles
a: no special abilities


You were on level 5 of the Dungeon.
You visited 1 branch of the dungeon, and saw 5 of its levels.

You collected 336 gold pieces.

Inventory:

Hand Weapons
 e - a +2 dagger of venom
 v - a +3 demon blade of draining (weapon)
Missiles
 h - a stone
 k - 4 boomerangs (quivered)
 n - a throwing net
 w - 2 curare-tipped darts
Armour
 c - a +0 buckler (worn)
Jewellery
 d - an amulet of the acrobat (around mantle)
 o - a ring of positive energy (left tentacle)
Wands
 x - a wand of flame (11)
Scrolls
 i - 8 scrolls of identify
 j - a scroll of immolation {unknown}
 m - a scroll of fog {unknown}
 p - a scroll of poison {unknown}
 q - a scroll of noise {unknown}
 r - a scroll of magic mapping {unknown}
 t - a scroll of teleportation {unknown}
Potions
 a - a potion of ambrosia {unknown}
 b - 2 potions of berserk rage {unknown}
 f - a potion of attraction {unknown}
 g - 2 potions of haste {unknown}
 l - a potion of flight {unknown}
 s - 2 potions of lignification
 u - a potion of magic {unknown}


   Skills:
 * Level 5.4 Fighting
 + Level 4.5(6.3) Short Blades
 + Level 6.6(7.3) Long Blades
 + Level 4.9 Throwing
 * Level 6.2 Dodging
 + Level 2.9 Stealth
 + Level 4.5 Shields
 + Level 3.4 Unarmed Combat
 + Level 2.7 Spellcasting
 + Level 2.2 Transmutations
 + Level 1.1 Poison Magic


You had 6 spell levels left.
You knew the following spells:

 Your Spells              Type           Power      Damage    Failure   Level
a - Beastly Appendage     Tmut           18%        N/A       10%         1
b - Wereblood             Tmut           9%         N/A       14%         2
c - Spider Form           Tmut/Pois      7%         N/A       36%         3

Your spell library contained the following spells:

 Spells                   Type           Power      Damage    Failure   Level
 Sting                    Tmut/Pois      28%        1d4       12%         1
 Apportation              Tloc           4%         N/A       24%         1
 Necrotise                Necr           8%         1d4       24%         1
 Summon Small Mammal      Summ           8%         N/A       24%         1
 Poisonous Vapours        Pois/Air       6%         N/A       30%         2
 Ice Form                 Ice/Tmut       5%         N/A       83%         4
 Olgreb's Toxic Radiance  Pois           5%         N/A       83%         4
 Fireball                 Conj/Fire      1%         3d3       100%        5
 Iskenderun's Battlesphe  Conj           2%         2d6       100%        5
 Conjure Ball Lightning   Conj/Air       1%         3x3d6     100%        6
 Orb of Destruction       Conj           1%         9d5       100%        7


Dungeon Overview and Level Annotations

Branches:
Dungeon (5/15)
 Temple: D:4-7

Altars:
Hepliaklqana

Shops:
D:3 (


Innate Abilities, Weirdness & Mutations

You cannot wear most types of armour.
You are amphibious.
You can wear up to eight rings at the same time.
Your skin changes colour to match your surroundings (Stealth+).
Your rubbery body absorbs attacks. (AC +1, EV +1)
((You are camouflaged when in or above water. (Stealth+)))
You have tentacles for arms and can constrict up to eight enemies at once.


Message History

Press: ? - help, Q - select action, (/) - cycle Shift-Dir - straight line, f/p - iguana
Aim: an iguana (severely wounded, 65% to hit)
You throw a boomerang. The boomerang hits the iguana.
The iguana is almost dead.
Unknown command.
Throw: 4 boomerangs
Press: ? - help, Q - select action, (/) - cycle Shift-Dir - straight line, f/p - iguana
Aim: an iguana (almost dead, 65% to hit)
You throw a boomerang. The boomerang barely misses the iguana.
Unknown command.
Throw: 4 boomerangs
Press: ? - help, Q - select action, (/) - cycle Shift-Dir - straight line, f/p - iguana
Aim: an iguana (almost dead, 65% to hit)
You throw a boomerang. The boomerang hits the iguana.
You kill the iguana!
Unknown command.
The sky beast flickers out of sight!
Deactivating autopickup; reactivate with Ctrl-A.
Sorry, you're not good enough to have a special ability.
You closely miss something. Something hits you but does no damage.
You barely miss something. Your squeeze misses something. Something hits you.
Something shocks you. Something barely misses you.
You closely miss something.
A scorpion comes into view.
Something hits you. Something shocks you.
You slash something! Your squeeze misses something. You miss something.
Something hits you but does no damage. Something hits you.
Something shocks you.
* * * LOW HITPOINT WARNING * * *
You hit something. Your squeeze misses something. Something hits you.
* * * LOW HITPOINT WARNING * * *
Something shocks you.
* * * LOW HITPOINT WARNING * * *
Casting: Beastly Appendage (safe; 10% risk of failure)
Confirm with . or Enter, or press ? or * to list all spells.
Your blood is infused with primal strength.
Something hits you.
* * * LOW HITPOINT WARNING * * *
Something shocks you.
You die...

#..# ##........
##.#######
##..#.....!
#..##...##
##)).##.....
##.##....##
#...######## .
#..#.....###..##
# ..
##.#.....##).##
... #..#....#..##
.... #..#s..#...#
.....
##).{@....##
.l....#..#.....##
......†.#####..#
...!....# ##..#
.......## #..#
....... ##..#
Y...... ..#
##..### #.. #.#
...


You could see a scorpion.

Vanquished Creatures
  Eustachio (D:5)
  Menkaure (D:5)
  A centaur (D:5)
  4 scorpions
  A howler monkey (D:5)
  A hound (D:4)
  An orc priest (D:3)
  3 iguanas
  Robin (D:3)
  6 gnolls
  7 adders
  An ufetubus (D:5)
  3 worms
  5 orcs
  11 endoplasms
  A giant cockroach (D:1)
  16 goblins
  9 hobgoblins
  A jackal (D:4)
  4 kobolds
  A quokka (D:1)
  5 ball pythons
  4 bats
  3 frilled lizards
  6 rats
97 creatures vanquished.

Notes
Turn   | Place    | Note
-------+----------+-------------------------------------------
     0 | D:1      | Kazon the Octopode Transmuter began the quest for the Orb.
     0 | D:1      | Reached XP level 1. HP: 13/13 MP: 3/3
    39 | D:1      | Identified a scroll of acquirement
    39 | D:1      | Acquired a +3 demon blade of draining
   139 | D:1      | Reached XP level 2. HP: 17/18 MP: 5/5
   687 | D:2      | Reached XP level 3. HP: 17/23 MP: 4/6
   750 | D:2      | Reached skill level 1 in Long Blades
  1321 | D:2      | Reached skill level 1 in Stealth
  1332 | D:2      | Reached XP level 4. HP: 22/28 MP: 5/7
  1617 | D:2      | Learned a level 2 spell: Wereblood
  1621 | D:2      | Learned a level 3 spell: Spider Form
  1778 | D:3      | Found Umat's Antique Weapon Boutique.
  1935 | D:3      | Noticed Robin
  1945 | D:3      | Killed Robin
  1946 | D:3      | Reached XP level 5. HP: 27/34 MP: 5/8
  2125 | D:3      | Reached skill level 5 in Fighting
  2125 | D:3      | Reached skill level 5 in Long Blades
  2125 | D:3      | Reached skill level 5 in Dodging
  2125 | D:3      | Reached XP level 6. HP: 44/45 MP: 9/9
  2749 | D:4      | Reached XP level 7. HP: 39/50 MP: 10/10
  2891 | D:4      | Found a hazy altar of Hepliaklqana.
  3392 | D:5      | Entered Level 5 of the Dungeon
  3398 | D:5      | Reached skill level 1 in Poison Magic
  3433 | D:5      | Noticed Menkaure
  3580 | D:5      | Killed Menkaure
  3581 | D:5      | Reached XP level 8. HP: 55/55 MP: 12/12
  3735 | D:5      | Noticed Eustachio
  3762 | D:5      | Killed Eustachio
  3781 | D:5      | Slain by a sky beast

Illustrated notes

Levels and vault maps discovered:
D:1:      dpeg_arrival_three_smaller_balls, layout_basic
D:2:      layout_loops_ring
D:3:      layout_basic, serial_shops, nicolae_shop_stone, st_stairs_9,
          minmay_misc_feat_doors, eino_curves_03, uniq_robin
D:4:      minmay_wonky_spiral, layout_basic,
          mainiacjoe_overflow_surrounded_room, minivault_5
D:5:      layout_cave_pods, uniq_menkaure, uniq_eustachio

Skill      XL: |  1  2  3  4  5  6  7 |
---------------+----------------------+-----
Long Blades    | 1 2 5 6 |  6.6
Stealth        | 1 2 |  2.9
Dodging        | 5 6 |  6.2
Fighting       | 5 |  5.4
Short Blades   | 4 |  4.5
Throwing       | 4 |  4.9
Shields        | 4 |  4.5
Poison Magic   | 1 |  1.1
Unarmed Combat | |  3.4
Spellcasting   | |  2.7
Transmutations | |  2.2

Action                   |  1- 3 |  4- 6 |  7- 9 || total
-------------------------+-------+-------+-------++-------
Melee: Demon blade       |    56 |    60 |    36 ||   152
       Kick              |     7 |     5 |     3 ||    15
       Tentacles         |     9 |    10 |     4 ||    23
       Constrict         |     9 |    14 |     9 ||    32
       Punch             |     1 |     1 |     1 ||     3
       Unarmed           |       |     4 |       ||     4
Throw: Stone             |     5 |    15 |    20 ||    40
       Boomerang         |       |     1 |    19 ||    20
 Cast: Beastly Appendage |     8 |     2 |     1 ||    11
       Wereblood         |       |     2 |     1 ||     3
       Spider Form       |       |     1 |       ||     1
  Use: Scroll            |     1 |       |     1 ||     2
       Potion            |       |     1 |       ||     1
 Stab: Sleeping          |     4 |     6 |     3 ||    13
Armor: Skin              |     3 |     4 |     3 ||    10
Dodge: Dodged            |    32 |    37 |    17 ||    86
Block: Buckler           |       |       |     1 ||     1
